 Dungeon Crawl Stone Soup version 0.30-a0-341-g682706514a (webtiles) character file.

Game seed: 7520807297918843345

1318 night the Destroyer (level 8, 0/41 (49) HPs)
             Began as a Tengu Reaver on Nov 2, 2022.
             Was a Follower of Dithmenos.
             Succumbed to Duvessa's poison
             ... on level 6 of the Dungeon.
             The game lasted 00:13:34 (5306 turns).

night the Destroyer (Tengu Reaver)                  Turns: 5306, Time: 00:13:35

HP:   0/41 (49)     AC:  7    Str: 15    XL:     8   Next: 59%
MP:   8/16          EV: 15    Int: 15    God:    Dithmenos [*.....]
Gold: 386           SH:  0    Dex: 21    Spells: 9/16 levels left

rFire   . . .      SeeInvis .    a - +0 falchion
rCold   . . .      Faith    .    (no shield)
rNeg    . . .      Spirit   .    b - +0 leather armour
rPois   .          Reflect  .    (helmet restricted)
rElec   +          Harm     .    (no cloak)
rCorr   .          Rampage  .    (no gloves)
Will    .....                    (boots unavailable)
Stlth   +.........               o - amulet of regeneration
HPRegen 1.06/turn                m - ring "Cuylee" {rElec AC+4 Str+2 Dex+2}
MPRegen 0.15/turn                w - +6 ring of dexterity

@: lethally poisoned (0 -> -20), lit by a corona, flying quickly and evasively,
hasted, glowing, heavily drained, very quick
A: beak, talons 3, nimble flight
a: Renounce Religion


You were on level 6 of the Dungeon.
You worshipped Dithmenos.
Dithmenos was aware of your devotion.
You visited 1 branch of the dungeon, and saw 6 of its levels.

You collected 425 gold pieces.
You spent 39 gold pieces at shops.

Inventory:

Hand Weapons
 a - a +0 falchion (weapon)
Missiles
 c - 47 stones
 g - 4 boomerangs
 v - 3 poisoned darts
Armour
 b - a +0 leather armour (worn)
Jewellery
 m - the ring "Cuylee" (left hand) {rElec AC+4 Str+2 Dex+2}
   (You found it on level 2 of the Dungeon)

   [ring of protection]

   AC:        It affects your AC (+4).
   Str:       It affects your strength (+2).
   Dex:       It affects your dexterity (+2).
   rElec:     It insulates you from electricity.
 o - an amulet of regeneration (around neck)
 w - a +6 ring of dexterity (right hand)
Wands
 k - a wand of polymorph (2)
 n - a wand of flame (17)
 F - a wand of iceblast (4)
Scrolls
 d - 5 scrolls of amnesia
 e - 6 scrolls of teleportation
 h - 3 scrolls of summoning {unknown}
 j - 4 scrolls of identify
 p - 2 scrolls of enchant armour
 y - a scroll of brand weapon {unknown}
 C - a scroll of noise {unknown}
 D - 2 scrolls of fear {unknown}
 E - a scroll of poison {unknown}
Potions
 f - a potion of attraction {unknown}
 i - a potion of magic {unknown}
 l - 3 potions of brilliance {unknown}
 q - 2 potions of haste
 r - 2 potions of heal wounds {unknown}
 s - 4 potions of degeneration {unknown}
 t - a potion of cancellation {unknown}
 u - 2 potions of mutation {unknown}
 x - 2 potions of resistance {unknown}
 z - a potion of curing
 A - 2 potions of might {unknown}
 B - a potion of invisibility {unknown}


   Skills:
 + Level 5.1 Fighting
 - Level 3.2 Long Blades
 - Level 2.1 Dodging
 + Level 4.7 Spellcasting
 + Level 9.6 Conjurations
 + Level 3.5 Fire Magic


You had 9 spell levels left.
You knew the following spells:

 Your Spells              Type           Power      Damage    Failure   Level
a - Foxfire               Conj/Fire      92%        2x1d8     1%          1
b - Momentum Strike       Conj/Tloc      36%        3d9       4%          2
c - Kiss of Death         Conj/Necr      72%        2d10      2%          1
d - Hailstorm             Conj/Ice       18%        3d6       9%          3

Your spell library contained the following spells:

 Spells                   Type           Power      Damage    Failure   Level
 Mephitic Cloud           Conj/Pois/Air  13%        N/A       17%         3
 Cigotuvi's Dreadful Rot  Necr/Pois/Air  6%         N/A       30%         2
 Poisonous Vapours        Pois/Air       6%         N/A       30%         2
 Fireball                 Conj/Fire      11%        3d7       36%         5
 Gell's Gravitas          Tloc           3%         N/A       52%         3
 Teleport Other           Tloc           3%         N/A       52%         3
 Starburst                Conj/Fire      11%        6d5       91%         6
 Yara's Violent Unravell  Hex/Tmut       1%         3d3       99%         5
 Dispersal                Tloc           1%         N/A       100%        6
 Enfeeble                 Hex            1%         N/A       100%        7
 Malign Gateway           Summ/Tloc      1%         N/A       100%        7
 Summon Horrible Things   Summ           1%         N/A       100%        8


Dungeon Overview and Level Annotations

Branches:
Dungeon (6/15)             Temple (0/1) D:6

Altars:
Ashenzari
Dithmenos
Nemelex Xobeh
Qazlal

Shops:
D:1 ?

Annotations:
D:3 2 transporters, KayVoo's ghost, weakling DjCA
D:6 Duvessa


Innate Abilities, Weirdness & Mutations

You have a beak for a mouth.
You have claws for feet.
Your magical nature lets you fly swiftly and evasively.


Message History

You feel drained.
You feel very sick.
The foxfire hits Duvessa!
Duvessa is heavily wounded.
The foxfire hits Duvessa.
Duvessa is heavily wounded.
Duvessa barely misses you.
The foxfire hits Duvessa.
Duvessa is heavily wounded.
Duvessa hits you but does no damage.
Casting: Kiss of Death (safe; 2% risk of failure)
Confirm with . or Enter, or press ? or * to list all spells.
You conjure some foxfire!
You feel very sick.
Duvessa hits you with a +0 short sword of venom!
You are more poisoned.
Unknown command.
Casting: Foxfire (safe; 1% risk of failure)
Confirm with . or Enter, or press ? or * to list all spells.
You conjure some foxfire!
You feel extremely sick.
Duvessa hits you with a +0 short sword of venom.
* * * LOW HITPOINT WARNING * * *
Duvessa misses you.
Unknown command.
You hit Duvessa but do no damage. Your peck misses Duvessa.
You punch Duvessa, but do no damage.
Duvessa is heavily wounded.
* * * LOW HITPOINT WARNING * * *
You feel very sick.
The foxfire hits Duvessa but does no damage.
Duvessa is heavily wounded.
The foxfire hits Duvessa but does no damage.
Duvessa is heavily wounded.
The foxfire hits Duvessa.
Duvessa is severely wounded.
Duvessa hits you but does no damage.
You are more poisoned.
Duvessa barely misses you.
It was a potion of haste.
You feel yourself speed up.
You die...

######.## #.##.####.#.######.##
#.......###.#..###........##.##
##.####...##.#?........###.##...
##....................### *,*#.##
....######)####..###### *,*#.#
....# ###.# #..# *,*#.# #####
#...# #..# *,*#.#
#.############### *,*#.#
########.......ยง@e.....# *,*#.#*
..<...###..#..#..#..#..# *,*#..,
#####.###..............****,**,*,
#.##..............>#,,,,,,,*,
#..................#,,,,,***,
####...#..#.)#..#..#***>,* *,
#...........(...# *,,* *,
###############** *,,* *, *,,* *,


You could see Duvessa (berserk, drained).

Vanquished Creatures
  Edmund (D:6)
  An acid dragon (D:5)
  3 black bears (D:5)
  2 ice beasts
  An ogre (D:3)
  A necrophage (D:5)
  5 scorpions
  Dowan (D:6)
  A howler monkey (D:5)
  2 hounds
  A jelly (D:6)
  An iguana (D:3)
  4 orc wizards
  2 gnolls (D:4)
  7 adders
  A shadow imp (D:5)
  A white imp (D:5)
  6 dart slugs
  17 orcs
  8 bats
  4 endoplasms
  3 giant cockroaches
  7 hobgoblins
  2 kobolds
  7 quokkas
  12 ball pythons
  7 goblins
  7 rats
115 creatures vanquished.

Vanquished Creatures (others)
  A jelly (D:6)
  An orc priest (D:4)
  An iguana (D:4)
  4 adders
  177 foxfires
  6 plants (D:3)
190 creatures vanquished.

Grand Total: 305 creatures vanquished

Notes
Turn   | Place    | Note
-------+----------+-------------------------------------------
     0 | D:1      | night the Tengu Reaver began the quest for the Orb.
     0 | D:1      | Reached XP level 1. HP: 12/12 MP: 4/4
    26 | D:1      | Found Esog's Magic Scroll Boutique.
   152 | D:1      | Reached XP level 2. HP: 17/17 MP: 6/6
   169 | D:1      | Learned a level 2 spell: Momentum Strike
   312 | D:1      | Bought a scroll of teleportation for 39 gold pieces
   506 | D:1      | Reached XP level 3. HP: 22/22 MP: 7/7
   701 | D:1      | Reached skill level 5 in Conjurations
  1106 | D:2      | Reached XP level 4. HP: 23/27 MP: 8/8
  1270 | D:2      | Identified the ring "Cuylee" {rElec AC+4 Str+2 Dex+2}
  1789 | D:3      | Noticed an ogre
  1811 | D:3      | Killed an ogre
  1927 | D:3      | You fall into a shaft and drop 3 floors!
  1931 | D:6      | Learned a level 1 spell: Foxfire
  1935 | D:6      | Learned a level 3 spell: Hailstorm
  1947 | D:5      | Entered Level 5 of the Dungeon
  2068 | D:5      | Noticed a scorpion
  2073 | D:5      | Killed a scorpion
  2074 | D:5      | Gained mutation: Your magical nature lets you fly swiftly
                  | and evasively. [Tengu growth]
  2074 | D:5      | Reached XP level 5. HP: 32/32 MP: 7/10
  2109 | D:5      | Noticed an ogre
  2111 | D:5      | an ogre changed into an acid dragon
  2111 | D:5      | Noticed an acid dragon
  2119 | D:5      | HP: 3/32 [acid dragon/splash of acid (29)]
  2158 | D:5      | Reached skill level 6 in Conjurations
  2165 | D:5      | Found a broken altar of Ashenzari.
  2230 | D:4      | Reached XP level 6. HP: 37/37 MP: 6/11
  2402 | D:4      | Noticed an ice beast
  2415 | D:4      | Killed an ice beast
  2416 | D:4      | Reached skill level 7 in Conjurations
  2787 | D:3      | Found a transporter.
  2800 | D:3      | Noticed KayVoo's ghost (weakling DjCA)
  2822 | D:3      | Found a transporter.
  3152 | D:4      | Found a shadowy altar of Dithmenos.
  3153 | D:4      | Found a sparkling altar of Nemelex Xobeh.
  3162 | D:4      | Became a worshipper of Dithmenos the Shadowed
  3318 | D:4      | Reached skill level 1 in Fire Magic
  3318 | D:4      | Reached XP level 7. HP: 14/43 MP: 5/13
  3606 | D:4      | Reached skill level 8 in Conjurations
  4038 | D:5      | Reached skill level 2 in Fire Magic
  4266 | D:5      | Reached * piety under Dithmenos
  4329 | D:5      | Reached XP level 8. HP: 47/48 MP: 11/15
  4389 | D:5      | Reached skill level 9 in Conjurations
  4557 | D:5      | Found a stormy altar of Qazlal.
  4865 | D:6      | Noticed Edmund
  4913 | D:6      | Killed Edmund
  4914 | D:6      | Reached skill level 5 in Fighting
  5257 | D:6      | Noticed Dowan
  5279 | D:6      | Killed Dowan
  5295 | D:6      | Found a staircase to the Ecumenical Temple.
  5295 | D:6      | Noticed Duvessa
  5305 | D:6      | HP: 6/41 [poisoned by Duvessa]
  5306 | D:6      | Succumbed to Duvessa's poison

Illustrated notes

Levels and vault maps discovered:
D:1:      matt_arrival_grand_opening, layout_basic, serial_forest,
          infiniplex_forest_clump_long, infiniplex_forest_lined_corner,
          infiniplex_forest_straight_2, infiniplex_forest_clump_long,
          infiniplex_forest_lined_ring, infiniplex_forest_straight_3,
          infiniplex_forest_lined_3, infiniplex_forest_lined_2, serial_shops,
          nicolae_shop_waterfront
D:2:      layout_loops_cross
D:3:      layout_rooms, gammafunk_ghost_gnarly_gnolls,
          chequers_serial_rivers_large_b, kennysheep_minor_cross,
          kennysheep_generic_room_9
D:4:      layout_basic, minitemple, grunt_ministairs_8, sigmund_army
D:5:      layout_basic, ashenzari_altar_1, nicolae_qazlal_eye_of_the_storm,
          nrook_campfire, kennysheep_generic_room_16
D:6:      layout_loops_ring, temple_hall, uniq_duvessa, uniq_edmund

Skill      XL: |  1  2  3  4  5  6  7  8 |
---------------+-------------------------+-----
Conjurations   | 5 6 7 8 9 |  9.6
Fighting       | 3 4 5 |  5.1
Spellcasting   | 3 4 |  4.7
Fire Magic     | 1 2 3 |  3.5
Long Blades    | |  3.2
Dodging        | |  2.1

Action                   |  1- 3 |  4- 6 |  7- 9 || total
-------------------------+-------+-------+-------++-------
Melee: Falchion          |    91 |    52 |    85 ||   228
       Kick              |    13 |    12 |    24 ||    49
       Punch             |     2 |     2 |     1 ||     5
       Peck              |    12 |     7 |    13 ||    32
Throw: Dart              |       |     4 |       ||     4
 Cast: Momentum Strike   |       |     8 |    11 ||    19
       Foxfire           |       |    46 |    52 ||    98
       Hailstorm         |       |       |     5 ||     5
       Kiss of Death     |       |       |     1 ||     1
Evoke: Wand              |       |     4 |       ||     4
  Use: Scroll            |     1 |     7 |       ||     8
       Potion            |       |       |     1 ||     1
 Stab: Sleeping          |     1 |     1 |       ||     2
Armor: Leather armour    |    17 |    28 |    41 ||    86
Dodge: Dodged            |    59 |    67 |    95 ||   221

Table legend: (Time is in decaauts)
 A = Elapsed time spent in this place.
 B = Non-inter-level travel time spent in this place.
 C = Inter-level travel time spent in this place.
 D = Time resting spent in this place.
 E = Time spent auto-exploring this place.
 F = Levels seen in this place.
 G = Mean time per level.
                   A        B        C        D        E       F      G
               +--------+--------+--------+--------+--------+-----+--------+
         Total |   5139 |   5035 |    104 |    281 |   3762 |   6 |  856.5 |
       Dungeon |   5139 |   5035 |    104 |    281 |   3762 |   6 |  856.5 |
               +--------+--------+--------+--------+--------+-----+--------+

Top non-repeatable levels by time:
     D:5: 1164 daAuts
     D:4: 1070 daAuts
     D:1: 933 daAuts
     D:2: 751 daAuts
     D:3: 712 daAuts
     D:6: 507 daAuts
